 Dungeon Crawl Stone Soup version 0.29.1-1-gd02db69 (webtiles) character file.

Game seed: 363826196336772960

7515 Timinator the Changer (level 10, -5/83 HPs)
             Began as a Demigod Transmuter on Dec 21, 2022.
             Killed by the air
             ... invoked by Gastronok
              (35 damage)
             ... on level 8 of the Dungeon.
             The game lasted 00:39:45 (11871 turns).

Timinator the Changer (Demigod Transmuter)         Turns: 11871, Time: 00:39:46

Health: -5/83      AC:  7    Str: 21    XL:     10   Next: 64%
Magic:  22/22      EV: 15    Int: 15    God:
Gold:   397        SH:  0    Dex: 22    Spells: 13/20 levels left

rFire   . . .      SeeInvis .     - Unarmed
rCold   . . .      Faith    .   (no shield)
rNeg    . . .      Spirit   .   k - +0 ring mail
rPois   .          Reflect  .   (helmet currently unavailable)
rElec   .          Harm     .   A - +0 cloak
rCorr   .          Rampage  .   l - +0 pair of gloves
Will    ++...                   (boots currently unavailable)
Stlth   +.........              r - amulet of magic regeneration
HPRegen 0.23/turn               c - ring of willpower
MPRegen 0.58/turn               E - +6 ring of strength

@: appendages (expiring), studying Air Magic
A: horns 2, talons 2, high MP 1, forlorn, divine attributes
a: End Transformation


You were on level 8 of the Dungeon.
You had temporarily grown beastly horns and talons.
You visited 1 branch of the dungeon, and saw 9 of its levels.
You also visited: Sewer and Ossuary.

You collected 496 gold pieces.
You spent 99 gold pieces at shops.

Inventory:

Armour
 k - a +0 ring mail (worn)
 l - a +0 pair of gloves (worn)
 z - a +1 robe of positive energy
 A - a +0 cloak (worn)
Jewellery
 c - a ring of willpower (left hand)
 r - an amulet of magic regeneration (around neck)
 s - a ring of see invisible
 x - a ring of wizardry
 D - a ring of fire
 E - a +6 ring of strength (right hand)
 K - a ring of fire
Wands
 d - a wand of flame (31)
 o - a wand of iceblast (8)
 w - a wand of digging (3)
Scrolls
 a - a scroll of noise {unknown}
 f - 7 scrolls of teleportation
 g - 2 scrolls of fog {unknown}
 h - 2 scrolls of poison {unknown}
 i - 4 scrolls of immolation {unknown}
 m - 2 scrolls of magic mapping {unknown}
 n - 2 scrolls of vulnerability {unknown}
 t - a scroll of acquirement {unknown}
 y - 2 scrolls of fear {unknown}
 C - a scroll of amnesia {unknown}
 J - a scroll of enchant weapon {unknown}
Potions
 b - 6 potions of ambrosia
 e - a potion of attraction
 j - 4 potions of cancellation
 p - a potion of might
 q - 8 potions of curing
 u - 3 potions of invisibility {unknown}
 v - 3 potions of magic {unknown}
 F - a potion of haste {unknown}
 H - a potion of flight {unknown}
 I - a potion of degeneration {unknown}


   Skills:
 * Level 5.8 Fighting
 - Level 3.0 Armour
 * Level 6.0 Dodging
 + Level 7.9 Unarmed Combat
 + Level 5.5 Spellcasting
 * Level 7.9 Transmutations
 - Level 3.0 Ice Magic
 - Level 3.0 Air Magic


You had 13 spell levels left.
You knew the following spells:

 Your Spells              Type           Power      Damage    Failure   Level
a - Beastly Appendage     Tmut           56%        N/A       1%          1
b - Wereblood             Tmut           28%        N/A       1%          2
c - Ice Form              Ice/Tmut       20%        N/A       26%         4

Your spell library contained the following spells:

 Spells                   Type           Power      Damage    Failure   Level
 Spider Form              Tmut/Pois      16%        N/A       14%         3
 Slow                     Hex            16%        N/A       26%         1
 Blink                    Tloc           8%         N/A       36%         2
 Sublimation of Blood     Necr           4%         N/A       36%         2
 Confusing Touch          Hex            4%         N/A       58%         3
 Gell's Gravitas          Tloc           4%         N/A       58%         3
 Lesser Beckoning         Tloc           4%         N/A       58%         3
 Teleport Other           Tloc           4%         N/A       58%         3
 Vampiric Draining        Necr           4%         2d6       58%         3
 Cause Fear               Hex            2%         N/A       94%         4
 Manifold Assault         Tloc           4%         N/A       100%        5
 Dispersal                Tloc           2%         N/A       100%        6
 Dragon Form              Tmut           14%        N/A       100%        7
 Summon Hydra             Summ           2%         N/A       100%        7
 Dragon's Call            Summ           2%         N/A       100%        9


Dungeon Overview and Level Annotations

Branches:
Dungeon (9/15)             Temple (0/1) D:4           Sewer (visited)
Ossuary (visited)
   Lair: D:8-11         Orc: D:9-12

Shops:
D:2 (?:(*   D:5 *   D:6 :   D:7 (

Annotations:
D:8 Gastronok


Innate Abilities, Weirdness & Mutations

You have temporarily grown beastly horns and talons.
You have an increased reservoir of magic. (+10% MP)
You shall have no god before yourself.
Your divine heritage dramatically boosts your attributes as you level up.


Message History

Gastronok is moderately wounded.
Your primal bloodlust has ended.
You punch Gastronok! Your kick misses Gastronok.
You punch Gastronok, but do no damage.
Gastronok is moderately wounded.
Gastronok looks at you while chanting. You resist with some effort.
You hit Gastronok. You claw Gastronok.
Gastronok is moderately wounded.
You hit Gastronok. You claw Gastronok.
Gastronok is moderately wounded.
You hit Gastronok. You headbutt Gastronok.
Gastronok is moderately wounded.
Gastronok glows a brilliant shade of cerise.
You completely miss Gastronok. You claw Gastronok.
Gastronok is moderately wounded.
You hit Gastronok. You claw Gastronok, but do no damage.
Gastronok is heavily wounded.
Gastronok bites you!
You hit Gastronok. You claw Gastronok. You headbutt Gastronok.
Gastronok is heavily wounded.
You punch Gastronok! You claw Gastronok.
Gastronok is heavily wounded.
Gastronok bites you!
You hit Gastronok. You claw Gastronok, but do no damage. You punch Gastronok.
Gastronok is severely wounded.
You hit Gastronok but do no damage. You claw Gastronok, but do no damage.
You punch Gastronok.
Gastronok is severely wounded.
You hit Gastronok. You claw Gastronok.
Gastronok is severely wounded.
Your transformation is almost over.
Gastronok misses you.
You hit Gastronok. You claw Gastronok! You headbutt Gastronok.
Gastronok is severely wounded.
You hit Gastronok but do no damage.
Gastronok is severely wounded.
Gastronok waves his eye-stalks in wide circles.
The air twists around and strikes you!!
You die...

#...# #<..# #......# .g..# #####
#......# ##.#.#.## ### #......#
........### ### ... ##...###
...w.#....#####.#######.# #)###
..<.............))>).##..##.#
#..#.............###.# #....#####
..............w.....######.)....
...............@###...####.#####
#...##...........[...#.........##
..........#............).........
$.#.....##.#...##########[...###
.............# #.....#......#
.#..#.. # #.....#).###.. .....#.
..#.....))...### .###...
#............# . .......).....##.


You could see Gastronok (swift).

Vanquished Creatures
  A two-headed ogre (D:8)
  Pikel (D:7)
  Joseph (D:8)
  A hornet (D:5)
  Grinder (Sewer)
  Sigmund (D:3)
  15 yaks
  A wraith (Ossuary)
  Duvessa (D:4)
  2 water moccasins
  An orc warrior (D:8)
  2 ice beasts (D:6)
  A black bear (D:5)
  2 centaurs
  3 lemures (D:7)
  3 phantoms
  2 kobold brigands
  2 bullfrogs
  A necrophage (D:4)
  2 gnoll sergeants
  A scorpion (D:5)
  6 wights
  Dowan (D:4)
  7 killer bees
  3 howler monkeys
  2 hounds
  7 orc priests
  5 jellies
  3 iguanas
  2 orc wizards
  3 mummies (Ossuary)
  Robin (D:4)
  3 gnolls (D:8)
  11 adders
  A shadow imp (Sewer)
  A white imp (D:6)
  2 ufetubi (Sewer)
  2 worms
  A dart slug (D:2)
  30 orcs
  7 bats
  4 endoplasms
  9 giant cockroaches
  9 goblins
  7 hobgoblins
  3 jackals (D:1)
  7 quokkas
  7 ball pythons
  2 frilled lizards
  2 gnoll zombies (Ossuary)
  A goblin zombie (Ossuary)
  4 hobgoblin zombies (Ossuary)
  23 kobolds
  3 kobold zombies
  5 rats
229 creatures vanquished.

Vanquished Creatures (others)
  An orc wizard (D:7)
  14 fungi (D:6)
15 creatures vanquished.

Grand Total: 244 creatures vanquished

Notes
Turn   | Place    | Note
-------+----------+-------------------------------------------
     0 | D:1      | Timinator the Demigod Transmuter began the quest for the
                  | Orb.
     0 | D:1      | Reached XP level 1. HP: 15/15 MP: 5/5
   141 | D:1      | Reached skill level 1 in Fighting
   309 | D:1      | Reached XP level 2. HP: 13/23 MP: 7/7
   312 | D:1      | Learned a level 2 spell: Wereblood
  1370 | D:2      | Found Boddamif's Antique Weapon Emporium.
  1419 | D:2      | Found Pimmubli's Book Boutique.
  1557 | D:2      | Reached XP level 3. HP: 28/28 MP: 3/8
  1697 | D:2      | Found Buogiliuha's Magic Scroll Boutique.
  1705 | D:2      | Bought 2 scrolls of identify for 44 gold pieces
  1705 | D:2      | Bought a scroll of identify for 22 gold pieces
  1813 | D:2      | Reached skill level 1 in Armour
  2063 | D:2      | Found Xenytej's Weapon Emporium.
  2080 | D:2      | Found Xeunlosa's Assorted Antiques.
  2381 | D:3      | Found a glowing drain.
  2396 | D:3      | Reached XP level 4. HP: 35/35 MP: 9/9
  2415 | Sewer    | Entered a sewer
  2773 | Sewer    | Noticed Grinder
  2799 | Sewer    | Paralysed by Grinder for 4 turns
  2813 | Sewer    | Killed Grinder
  2814 | Sewer    | Reached XP level 5. HP: 29/41 MP: 11/11
  2814 | Sewer    | Reached XP level 6. HP: 34/48 MP: 12/12
  3021 | Sewer    | Identified the +2 hand axe of Wiocoig {antimagic, Int+4}
  3694 | D:2      | Reached XP level 7. HP: 24/56 MP: 14/14
  4120 | D:3      | Noticed Sigmund
  4126 | D:3      | Killed Sigmund
  4352 | D:4      | Found a staircase to the Ecumenical Temple.
  4423 | D:4      | Learned a level 4 spell: Ice Form
  4772 | D:4      | Noticed Dowan
  4787 | D:4      | Noticed Duvessa
  4812 | D:4      | Killed Duvessa
  4822 | D:4      | Killed Dowan
  4823 | D:4      | Reached skill level 1 in Ice Magic
  5120 | D:4      | Reached XP level 8. HP: 29/63 MP: 16/16
  5359 | D:4      | Noticed Robin
  5377 | D:4      | Killed Robin
  5736 | D:5      | Entered Level 5 of the Dungeon
  5745 | D:5      | Reached skill level 5 in Transmutations
  5860 | D:5      | Reached skill level 5 in Unarmed Combat
  6060 | D:5      | Reached XP level 9. HP: 29/71 MP: 18/18
  6188 | D:5      | Found a sand-covered staircase.
  6196 | Ossuary  | Entered an ossuary
  6880 | D:5      | Found Laits's General Store.
  6891 | D:5      | Bought a potion of lignification for 33 gold pieces
  7157 | D:5      | Paralysed by a hornet for 1 turns
  7833 | D:6      | Reached skill level 5 in Dodging
  8262 | D:6      | Found Galiexas's Tremendous Tomes.
  8552 | D:6      | Reached skill level 5 in Fighting
  9867 | D:6      | Reached skill level 1 in Air Magic
 10085 | D:7      | Reached XP level 10. HP: 52/70 MP: 21/21
 10150 | D:7      | Found Annaoqil's Antique Weapon Emporium.
 10242 | D:7      | Reached skill level 5 in Spellcasting
 10434 | D:7      | Identified the +11 sling of Hubris {vorpal, Drain rF+
                  | Dex+3}
 10649 | D:7      | Noticed Pikel
 10663 | D:7      | Killed Pikel
 11337 | D:8      | Noticed Joseph
 11358 | D:8      | Killed Joseph
 11457 | D:8      | Noticed a two-headed ogre
 11471 | D:8      | Killed a two-headed ogre
 11572 | D:8      | Noticed Gastronok
 11871 | D:8      | Killed from afar by Gastronok

Illustrated notes

Levels and vault maps discovered:
D:1:      ncdulo_lavacross, layout_loops_corners
D:2:      kennysheep_big_flooded_room, layout_basic, serial_shops,
          nicolae_shop_trees, nicolae_lakefront_shop, shop, shop,
          nicolae_shop_advertising_works [nicolae_subvault_shop_adworks],
          shapermc_ecumenical_altar_starsandcircs
D:3:      layout_loops_ring, nicolae_overflow_ecumenical_swirl, serial_glass,
          glass_columns_b, glass_columns_a, portal_sewer_entry_f, uniq_sigmund
D:4:      layout_basic, minmay_temple_entry_crystal_x, uniq_robin, uniq_duvessa,
          uniq_grinder
D:5:      layout_basic, lightli_ossuary_entry_decrepit_ruins, serial_shops,
          shop, minmay_manual_maat
D:6:      layout_basic, serial_aquarium, aquarium_bridge_long_joined
          [aquarium_subvault_window, aquarium_subvault_wall,
          aquarium_subvault_bridge, aquarium_subvault_window,
          aquarium_subvault_bridge, aquarium_subvault_window],
          aquarium_window_2, aquarium_window_1, aquarium_view_2c,
          aquarium_view_2c, aquarium_balcony_3b, aquarium_pool_corner,
          nicolae_shop_i_like_big_books, hangedman_decor_lopped
D:7:      layout_cave_pools, amcnicky_altar_gilded,
          nicolae_overflow_quartered_altars, lemuel_tele_altar, serial_shops,
          shop, uniq_pikel
D:8:      layout_rooms, riverfiend_overflow_shadow_ancestor, enter_bailey_2,
          uniq_joseph, uniq_erica, uniq_gastronok
D:9:      layout_roguey, kennysheep_little_box,
          mainiacjoe_overflow_cross_hatched, serial_shops,
          nicolae_shop_hallway_plus

Skill      XL: |  1  2  3  4  5  6  7  8  9 10 |
---------------+-------------------------------+-----
Fighting       | 1 2 3 4 5 |  5.8
Dodging        | 2 3 4 5 6 |  6.0
Unarmed Combat | 3 4 5 6 7 |  7.9
Transmutations | 2 3 4 5 7 |  7.9
Spellcasting   | 2 3 4 5 |  5.5
Armour         | 1 2 3 |  3.0
Ice Magic      | 1 2 3 |  3.0
Air Magic      | 1 3 |  3.0

Action                   |  1- 3 |  4- 6 |  7- 9 | 10-12 || total
-------------------------+-------+-------+-------+-------++-------
Melee: Unarmed           |   109 |    96 |   340 |   198 ||   743
       Kick              |    24 |    22 |   118 |    70 ||   234
       Headbutt          |    20 |    13 |    77 |    44 ||   154
       Punch             |     2 |     4 |    21 |    15 ||    42
 Cast: Beastly Appendage |    30 |    13 |    53 |    22 ||   118
       Wereblood         |     5 |     7 |    21 |    10 ||    43
Evoke: Wand              |       |       |     1 |     1 ||     2
  Use: Scroll            |     3 |     1 |     2 |     1 ||     7
       Potion            |       |     3 |     5 |     3 ||    11
 Stab: Sleeping          |     1 |       |       |       ||     1
Armor: Robe              |    14 |     6 |       |       ||    20
       Skin              |       |    11 |    38 |       ||    49
       Ring mail         |       |     9 |    70 |    29 ||   108
       Ice dragon scales |       |       |     1 |       ||     1
Dodge: Dodged            |    69 |    45 |   144 |   104 ||   362
